 Dungeon Crawl Stone Soup version 0.17-a0-1655-g88a8506 (webtiles) character file.

29465 Goblin1989 the Grappler (level 13, 0/141 HPs)
             Began as a Yellow Draconian Transmuter on Aug 15, 2015.
             Was the Champion of Cheibriados.
             Slain by a catoblepas (5 damage)
             ... on level 6 of the Lair of Beasts.
             The game lasted 01:26:22 (17917 turns).

Goblin1989 the Grappler (DrTm)                     Turns: 17917, Time: 01:26:22

Health: 0/141      AC:  6    Str: 28    XL:     13   Next: 15%
Magic:  23/23      EV:  1    Int: 34    God:    Cheibriados [******]
Gold:   999        SH:  0    Dex: 26    Spells: 4 memorised, 13 levels left

rFire  . . .     SeeInvis .       - Unarmed
rCold  + + .     Clarity  .     (armour unavailable)
rNeg   + + +     SustAt   .     (shield currently unavailable)
rPois  ∞         Gourm    .     (helmet currently unavailable)
rElec  .         Spirit   .     (cloak currently unavailable)
rCorr  .         Warding  .     (gloves currently unavailable)
rMut   .         Stasis   .     (boots currently unavailable)
MR     .....                    (no amulet)
Stlth  +++.......               p - ring of fire
                                j - +3 ring of evasion

@: ice-form, petrified, very slow, not resistant to hostile enchantments, fairly
stealthy
A: (spit acid), (acid resistance), unfitting armour, (cold-blooded), AC +8
a: End Transformation, Bend Time, Temporal Distortion, Slouch, Step From Time,
Renounce Religion


You were on level 6 of the Lair of Beasts.
You worshipped Cheibriados.
Cheibriados was exalted by your worship.
You were not hungry.
You were a creature of crystalline ice.
You visited 3 branches of the dungeon, and saw 15 of its levels.
You also visited: Ossuary.

You collected 999 gold pieces.

Inventory:

Missiles
 u - 37 arrows (quivered)
 D - 18 poisoned arrows
Armour
 a - a +1 pair of boots (melded)
Jewellery
 i - the ring "Zadiryss" {rPois rF- MR+ Dex+4}
   (You found it on level 6 of the Lair of Beasts)

   [ring of poison resistance]

   It affects your dexterity (+4).
   It makes you vulnerable to fire.
   It protects you from poison.
   It affects your resistance to hostile enchantments.
 j - a +3 ring of evasion (left front paw)
 p - a ring of fire (right front paw)
 F - an uncursed ring of protection from cold
 L - an uncursed ring of flight
Magical devices
 x - a wand of disintegration (18)
 C - a wand of teleportation (5)
 E - a wand of fire (6)
 G - a wand of fire (8)
Scrolls
 c - 2 scrolls of holy word
 d - a scroll of magic mapping
 e - 7 scrolls of remove curse
 g - 2 scrolls of fog
 l - 3 scrolls of fear
 n - 5 scrolls of teleportation
 o - a scroll of blinking
 w - a scroll of recharging
 z - a scroll of enchant armour
 H - a scroll of silence
Potions
 f - 4 potions of cancellation
 h - 5 potions of magic
 r - a potion of ambrosia
 s - 7 potions of curing
 t - 2 potions of agility
 A - a potion of invisibility
 I - a potion of might
 M - a potion of flight
Books
 b - a book of Changes

   Spells                             Type                      Level
   a - Beastly Appendage              Transmutation                1
   b - Sticks to Snakes               Transmutation                2
   c - Spider Form                    Transmutation/Poison         3
   d - Ice Form                       Ice/Transmutation            4
   e - Blade Hands                    Transmutation                5
 y - a book of Summonings

   Spells                             Type                      Level
   a - Recall                         Summoning/Translocation      3
   b - Aura of Abjuration             Summoning                    5
   c - Shadow Creatures               Summoning                    5
   d - Summon Demon                   Summoning                    5
   e - Summon Forest                  Summoning/Translocation      5
   f - Summon Mana Viper              Hexes/Summoning              5
 J - a Young Poisoner's Handbook

   Spells                             Type                      Level
   a - Sting                          Conjuration/Poison           1
   b - Cure Poison                    Poison                       2
   c - Mephitic Cloud                 Conjuration/Poison/Air       3
   d - Olgreb's Toxic Radiance        Poison                       4
   e - Venom Bolt                     Conjuration/Poison           5
 K - a book of Ice

   Spells                             Type                      Level
   a - Ice Form                       Ice/Transmutation            4
   b - Metabolic Englaciation         Hexes/Ice                    5
   c - Ozocubu's Refrigeration        Ice                          6
   d - Bolt of Cold                   Conjuration/Ice              6
   e - Freezing Cloud                 Conjuration/Ice/Air          6
   f - Simulacrum                     Ice/Necromancy               6
Comestibles
 k - 7 meat rations
 m - 2 beef jerkies
 q - 26 fruits
 v - a bread ration
 B - 6 chunks of flesh


   Skills:
 + Level 12.1 Fighting
 + Level 9.7 Dodging
 - Level 2.2 Stealth
 * Level 12.3 Unarmed Combat
 - Level 6.9 Spellcasting
 - Level 7.4 Transmutations
 - Level 4.9 Ice Magic


You had 13 spell levels left.
You knew the following spells:

 Your Spells              Type           Power        Failure   Level  Hunger
a - Beastly Appendage     Trmt           ######       1%          1    None
b - Ice Form              Ice/Trmt       ####....     3%          4    #......
c - Sticks to Snakes      Trmt           ######....   1%          2    None
d - Blade Hands           Trmt           ######....   6%          5    ####...


Dungeon Overview and Level Annotations

Branches:
Dungeon (8/15)             Temple (1/1) D:5            Lair (6/8) D:8
  Swamp (0/4) Lair:5        Slime (0/6) Lair:6
  Snake: Lair:3-6    Spider: Lair:3-6

Altars:
Ashenzari
Cheibriados
Dithmenos
Elyvilon
Fedhas
Gozag
Kikubaaqudgha
Makhleb
Nemelex Xobeh
Okawaru
Qazlal
Ru
Sif Muna
Trog
Vehumet
Xom
Yredelemnul
Zin
The Shining One

Shops:
D:4 }


Innate Abilities, Weirdness & Mutations

((You can spit globs of acid.))
((You are resistant to acid.))
((Your golden yellow scales are hard (AC +8).))
Your body does not fit into most forms of armour.
((You are cold-blooded and may be slowed by cold attacks.))


Message History

You are engulfed in calcifying dust.
The catoblepas breathes a plume of calcifying dust at you.
The blast of calcifying dust hits you!
You turn to ice and can move again.
The catoblepas breathes a plume of calcifying dust at you.
The blast of calcifying dust hits you! The catoblepas gores you!!
* * * LOW HITPOINT WARNING * * *
You hit the catoblepas. You freeze the catoblepas.
The catoblepas is severely wounded.
You are engulfed in calcifying dust.
You are slowing down.
The catoblepas breathes a plume of calcifying dust at you.
The blast of calcifying dust hits you! The catoblepas barely misses you.
The catoblepas gores you!
* * * LOW HITPOINT WARNING * * *
The catoblepas gores you!!
* * * LOW HITPOINT WARNING * * *
You have turned to stone.
The catoblepas gores you!
You die...

.....#..#.P...|...# .............
#.....#.PP........##.............
.....+...PP..........§..........P
..#÷...#.P..P....$........#.P#.P.
.#..†##.#..P.......§.P...#<......
.#...###.#........§...P..........
....[.######.....§.P.....P.......
.....## #..........≈.P.........
.....## #....YY.#..P≈..........
......# #.......# ≈≈≈≈....#..#
.....## ##........♣ ≈........#
.....# ##+###.#... .........#
.P.+## #..............# ....# ..
#........P...## ...## ...
####.......### ≈...## ..#
#.##.P#.P.#P. ≈....# ###+P#
#...P........


You could see a catoblepas.

Vanquished Creatures
  Kirke (Lair:5)
  Maud (Lair:6)
  Urug (Lair:1)
  Nergalle (Lair:3)
  13 elephants
  12 spiny frogs
  3 black mambas
  5 komodo dragons (Lair:5)
  A two-headed ogre (D:8)
  A polar bear (Lair:5)
  3 fire drakes
  6 blink frogs (Lair:6)
  A wyvern (Lair:1)
  3 basilisks
  A wraith (Ossuary)
  7 hippogriffs
  23 yaks
  3 wargs (D:8)
  13 wolves
  7 porcupines
  7 water moccasins
  2 sky beasts
  2 orc warriors
  2 black bears (Lair:1)
  2 ice beasts
  4 ogres
  3 phantoms
  The ghost of WhatIsLove the Sneak, an average DsAs (D:3)
  3 centaurs
  7 crocodiles
  A big kobold (D:7)
  14 giant frogs
  A scorpion (D:7)
  5 killer bees (D:8)
  An electric eel (Lair:3)
  5 wights (D:6)
  4 crimson imps
  4 orc priests (D:8)
  A centaur skeleton (D:8)
  A centaur zombie (D:7)
  4 hounds
  2 jellies (Lair:6)
  2 giant frog skeletons
  3 orc wizards
  5 worker ants
  9 iguanas
  4 sheep (Lair:6)
  A hound zombie (D:6)
  A hound skeleton (D:7)
  A mummy (Ossuary)
  2 worker ant zombies (D:8)
  12 adders
  11 gnolls
  13 river rats
  A shadow imp (D:7)
  3 oozes
  An adder zombie (D:6)
  3 worms
  6 giant geckos
  12 orcs
  A ball python (D:3)
  17 goblins
  9 hobgoblins
  14 jackals
  10 kobolds
  4 quokkas
  15 bats
  4 giant cockroaches
  4 giant newts
  7 gnoll skeletons (Ossuary)
  3 kobold skeletons (Ossuary)
  15 orc skeletons (Ossuary)
  A quokka skeleton (D:4)
  A quokka zombie (D:6)
  4 rats (D:1)
  2 fungi (Lair:6)
383 creatures vanquished.

Vanquished Creatures (collateral kills)
  Harold (Lair:4)
  Sonja (Lair:3)
  A porcupine (Lair:3)
  A crimson imp (D:5)
  An orc priest (D:8)
  A worker ant (D:4)
  A gnoll (D:6)
  5 river rats (Lair:3)
  An orc (D:8)
  A hobgoblin (D:3)
  2 fungi
16 creatures vanquished.

Vanquished Creatures (others)
  A blink frog (Lair:6)
  2 humans (Lair:5)
  10 fungi
  6 plants (Lair:5)
19 creatures vanquished.

Grand Total: 418 creatures vanquished

Notes
Turn   | Place    | Note
--------------------------------------------------------------
     0 | D:1      | Goblin1989 the Draconian Transmuter began the quest for the Orb.
     0 | D:1      | Reached XP level 1. HP: 16/16 MP: 3/3
   118 | D:1      | Reached XP level 2. HP: 17/23 MP: 5/5
   381 | D:1      | Reached skill level 4 in Unarmed Combat
   724 | D:1      | Reached XP level 3. HP: 25/28 MP: 4/6
  1436 | D:2      | Reached XP level 4. HP: 27/35 MP: 7/7
  1508 | D:2      | Learned a level 4 spell: Ice Form
  1551 | D:2      | Reached skill level 5 in Unarmed Combat
  2008 | D:3      | Noticed WhatIsLove's ghost (average DsAs)
  2919 | D:3      | Reached XP level 5. HP: 40/40 MP: 6/8
  2963 | D:3      | Noticed an ogre
  3247 | D:2      | Learned a level 2 spell: Sticks to Snakes
  3405 | D:3      | Killed WhatIsLove's ghost
  3405 | D:3      | Reached skill level 6 in Unarmed Combat
  3727 | D:3      | Reached XP level 6. HP: 47/47 MP: 7/9
  3807 | D:3      | Found a glowing silver altar of Zin.
  3807 | D:3      | Noticed an angel
  3878 | D:3      | Killed an ogre
  3878 | D:3      | Reached skill level 7 in Unarmed Combat
  4060 | D:4      | Found Niezuegi's Gadget Shop.
  4469 | D:4      | Reached skill level 8 in Unarmed Combat
  4469 | D:4      | Your scales start taking on a golden yellow colour.
  4469 | D:4      | Reached XP level 7. HP: 16/52 MP: 2/10
  5043 | D:4      | Reached skill level 1 in Ice Magic
  5528 | D:5      | Entered Level 5 of the Dungeon
  5610 | D:5      | Found a staircase to the Ecumenical Temple.
  5619 | Temple   | Entered the Ecumenical Temple
  5645 | Temple   | Became a worshipper of Cheibriados the Contemplative
  6248 | D:6      | Reached XP level 8. HP: 62/62 MP: 5/11
  6772 | D:5      | HP: 2/62 [orc warrior/short sword (7)]
  7440 | D:6      | Acquired Cheibriados's first power
  7590 | D:6      | Reached skill level 5 in Transmutations
  7769 | D:6      | Got a pair of brightly glowing boots
  7780 | D:6      | Identified the -3 pair of boots "Joinge Veber" {Str+4} (You found it on level 6 of the Dungeon)
  8218 | D:7      | Found a shattered altar of Ashenzari.
  8424 | D:7      | Found a sand-covered staircase.
  8430 | Ossuary  | Entered an ossuary
  8603 | Ossuary  | Reached skill level 5 in Fighting
  8632 | Ossuary  | Reached XP level 9. HP: 66/74 MP: 12/12
  8821 | D:7      | Acquired Cheibriados's second power
  8938 | D:7      | Learned a level 5 spell: Blade Hands
  9509 | D:8      | Found a staircase to the Lair.
 10044 | D:8      | Acquired Cheibriados's third power
 10416 | D:8      | Reached XP level 10. HP: 86/86 MP: 13/13
 11288 | D:8      | Reached skill level 5 in Dodging
 11337 | Lair:1   | Entered Level 1 of the Lair of Beasts
 11434 | Lair:1   | Acquired Cheibriados's fourth power
 11499 | Lair:1   | Noticed Urug
 11509 | Lair:1   | Killed Urug
 11595 | Lair:1   | Reached skill level 5 in Spellcasting
 12143 | Lair:2   | Reached skill level 9 in Fighting
 12182 | Lair:2   | Reached XP level 11. HP: 85/97 MP: 17/19
 12226 | Lair:2   | Noticed a black mamba
 12235 | Lair:2   | Killed a black mamba
 12976 | Lair:3   | Reached skill level 10 in Fighting
 13135 | Lair:3   | Noticed Sonja
 13172 | Lair:3   | Killed Sonja
 13579 | Lair:3   | Noticed Nergalle
 13599 | Lair:3   | Noticed a spectral orc warlord
 13631 | Lair:3   | Killed Nergalle
 14764 | Lair:4   | Reached skill level 10 in Unarmed Combat
 14764 | Lair:4   | Reached XP level 12. HP: 108/108 MP: 19/21
 14923 | Lair:4   | Noticed Harold
 14941 | Lair:4   | Killed Harold
 14941 | Lair:4   | Reached skill level 11 in Fighting
 15573 | Lair:5   | Found a staircase to the Swamp.
 16350 | Lair:5   | Noticed Kirke
 16365 | Lair:5   | Killed Kirke
 16909 | Lair:6   | Reached skill level 1 in Stealth
 17038 | Lair:6   | Noticed Maud
 17069 | Lair:6   | Killed Maud
 17368 | Lair:6   | Found a staircase to the Slime Pits.
 17449 | Lair:6   | Got an ancient glass ring
 17513 | Lair:6   | Identified the ring "Zadiryss" {rPois rF- MR+ Dex+4} (You found it on level 6 of the Lair of Beasts)
 17616 | Lair:6   | Reached skill level 12 in Fighting
 17730 | Lair:6   | Reached XP level 13. HP: 118/118 MP: 14/23
 17893 | Lair:6   | Noticed a catoblepas
 17916 | Lair:6   | HP: 4/141 [catoblepas (17)]
 17917 | Lair:6   | Slain by a catoblepas

Vault maps used:
D:1:      noname_arrival_rooms_in_the_neighbourhood, minmay_circled_x
D:3:      zin_angel, grunt_ministairs_7, minmay_ogre_servants
D:4:      serial_shops, shop
D:5:      minmay_temple_entry_grid, first_bread
D:7:      ashenzari_altar_1, nicolae_ossuary_entry_plus
D:8:      erik_lair_orcish_takeover
Temple:   minmay_crystal_snake_temple_18
Lair:1:   grunt_forest_stairs_basic, st_stairs_8, grunt_forest_large_clearings,
          serial_bayou_shore_b, uniq_urug
Lair:3:   beast_lair_carwin_10, bh_autumn_forest_stairs, serial_bayou_shore_a,
          uniq_nergalle, uniq_sonja
Lair:4:   uniq_harold
Lair:5:   minmay_swamp_entry_reptiles, grunt_megastairs_3, uniq_kirke
Lair:6:   spider_nest_entry_funnel_web, nicolae_slime_entry_slimehenge,
          nicolae_quartered_pool_medium, serial_bayou_pond_e,
          beast_lair_carwin_4, infiniplex_staircase_pool, uniq_maud
Ossuary:  ossuary_due_mausoleum

Action                   |  1- 3 |  4- 6 |  7- 9 | 10-12 | 13-15 || total
-------------------------+-------+-------+-------+-------+-------++-------
Melee: Unarmed           |   158 |   238 |   398 |   431 |    34 ||  1259
 Cast: Beastly Appendage |    24 |    35 |    59 |       |       ||   118
       Sticks to Snakes  |       |    10 |    27 |    30 |       ||    67
       Ice Form          |       |       |    12 |    91 |     5 ||   108
       Blade Hands       |       |       |       |     9 |       ||     9
  Use: Potion            |       |     1 |     2 |     1 |       ||     4
       Scroll            |       |       |    18 |    10 |       ||    28
 Stab: Sleeping          |       |       |     2 |     2 |       ||     4
  Eat: Chunk             |     2 |     4 |     7 |    21 |       ||    34
       Pizza             |       |     1 |       |       |       ||     1
       Meat ration       |       |     1 |       |       |       ||     1
       Bread ration      |       |       |     2 |       |       ||     2
       Royal jelly       |       |       |     1 |       |       ||     1
       Beef jerky        |       |       |     1 |       |       ||     1
       Fruit             |       |       |     1 |       |       ||     1
